cohdb
Replays
Latest Replays
All Replays
Popular Replays
Top Player Replays
Match Explorer
How It Works
Community
CoH3 Stats
Reddit
Sign in to upload your games and track your stats! →
Sign in with Steam
Match 36775071
Unlisted
Match 36775071
Overview
Messages
Build Orders
End
Kradschützen Motorcycle Team
Panzergrenadier Squad
Panzergrenadier Squad
Panzergrenadier Squad
Construct Light Support Kompanie
Fire Support Elements
Selects Armored Support Battlegroup
Selects Salvage Kits
Flakvierling Half-track
Panzergrenadier Squad
2.5-tonne Medical Truck
Pak 38 Mechanized Group
MG34 Team
Veteran Squad Leaders
Vehicle Survival Package
Construct Panzerarmee Kommand
Panzergrenadier Squad
Armored Reserves
Tiger Heavy Tank
Emergency Repair Kits
max 228
小明
zzz
Androphyte
Graset
MonoChrome
0
0
Comments
sign in to comment!
No comments posted yet!